 Dungeon Crawl Stone Soup version 0.22-a0-601-gb0ed703 (webtiles) character file.

85 Simmura the Ruffian (level 4, -5/45 HPs)
             Began as a Troll Berserker on July 7, 2018.
             Was a Believer of Trog.
             Slain by a hobgoblin
             ... wielding a +2 spear of venom
             ... led by Robin
              (6 damage)
             ... on level 2 of the Dungeon.
             The game lasted 00:04:21 (863 turns).

Simmura the Ruffian (Troll Berserker)                Turns: 863, Time: 00:04:22

Health: -5/45      AC:  5    Str: 25    XL:     4   Next: 25%
Magic:  3/3        EV: 10    Int:  3    God:    Trog [**....]
Gold:   88         SH:  0    Dex: 10    Spells: 3/3 levels left

rFire    . . .     SeeInvis .     - Unarmed
rCold    . . .     Gourm    +   (no shield)
rNeg     . . .     Faith    .   a - +0 animal skin
rPois    .         Spirit   .   (helmet restricted)
rElec    .         Reflect  .   (no cloak)
rCorr    .         Harm     .   (gloves unavailable)
MR       ++...                  (boots unavailable)
Stlth    +.........             (no amulet)
HPRegen  1.55/turn              (no ring)
MPRegen  0.08/turn              (no ring)

@: lethally poisoned (-5 -> -32), berserk cooldown, regenerating, slowed, very
slow
A: large, unfitting armour, claws 3, fast metabolism 3, gourmand, regeneration
1, shaggy fur 1, tough skin 2
a: Berserk, Trog's Hand, Renounce Religion


You were on level 2 of the Dungeon.
You worshipped Trog.
Trog was pleased with you.
You were very full.

You visited 1 branch of the dungeon, and saw 2 of its levels.

You collected 88 gold pieces.

Inventory:

Armour
 a - a +0 animal skin (worn)
Scrolls
 c - a scroll of blinking {unknown}
 e - 3 scrolls of identify {unknown}
 g - 2 scrolls of remove curse {unknown}
 h - a scroll of teleportation {unknown}
 j - a scroll of amnesia {unknown}
Potions
 d - a potion of might {unknown}
 i - a potion of magic {unknown}
Comestibles
 b - 7 rations
 f - 11 chunks of flesh


   Skills:
 * Level 3.2 Fighting
 + Level 3.1 Dodging
 + Level 3.8 Unarmed Combat


You had 3 spell levels left.
You didn't know any spells.
Your spell library was empty.

Dungeon Overview and Level Annotations

Branches:
Dungeon (2/15)

Altars:


Innate Abilities, Weirdness & Mutations

You are too large for most types of armour.
You have claws for hands.
Your metabolism is lightning-fast.
You like to eat raw meat.
Your natural rate of healing is unusually fast.
You are covered in fur. (AC +1)
You have very tough skin. (AC +2)


Message History

* * * LOW HITPOINT WARNING * * *
You feel very sick. The goblin barely misses you.
The hobgoblin hits you from afar with a spear of venom.
* * * LOW HITPOINT WARNING * * *
You are more poisoned.
Your skin crawls.
You feel resistant to hostile enchantments.
You feel somewhat less full.
* * * LOW HITPOINT WARNING * * *
You feel very sick. The goblin hits you with a club.
* * * LOW HITPOINT WARNING * * *
The hobgoblin hits you from afar with a spear of venom.
* * * LOW HITPOINT WARNING * * *
You are more poisoned.
The goblin hits you with a club.
* * * LOW HITPOINT WARNING * * *
The hobgoblin hits you from afar with a spear of venom.
You die...

#.........# #...............
#.........# #.........#....S
#.........# #.........# ....
##.........#####....รท....##.
..
..<............))............
##.........#########.........S
...........# ##.....#.....
###..####.#########............
.###..# #.# #...@gg............
.####.###.# #.####g............
.##.#.....##. #..........
.##....#..... #..........
............. #..........
............. #..........
.##.##....... ..........
.##.####..... ......... ......#
.....


You could see 2 hobgoblins and a goblin.

Vanquished Creatures
  Robin (D:2)
  2 adders (D:2)
  An ooze (D:2)
  A worm (D:2)
  3 dart slugs (D:1)
  A leopard gecko (D:2)
  2 ball pythons
  3 bats
  A giant cockroach (D:1)
  10 goblins
  9 hobgoblins
  4 kobolds
  A frilled lizard (D:2)
  A rat (D:2)
40 creatures vanquished.

Notes
Turn   | Place    | Note
-------+----------+-------------------------------------------
     0 | D:1      | Simmura the Troll Berserker began the quest for the Orb.
     0 | D:1      | Reached XP level 1. HP: 22/22 MP: 0/0
   122 | D:1      | Reached XP level 2. HP: 26/29 MP: 1/1
   649 | D:2      | Reached XP level 3. HP: 36/36 MP: 2/2
   779 | D:2      | Reached ** piety under Trog
   822 | D:2      | Reached XP level 4. HP: 36/45 MP: 3/3
   833 | D:2      | Noticed Robin
   844 | D:2      | Killed Robin
   863 | D:2      | HP: 1/45 [goblin/club[Robin] (2)]
   863 | D:2      | Slain by a hobgoblin

Vault maps used:
D:1:      co_arrival_random_square_maze, st_stairs_2, roderic_lattice_a
D:2:      nicolae_overflow_hidden_temple, nicolae_qazlal_style_of_elements,
          uniq_robin

Skill      XL: |  1  2  3 |
---------------+----------+-----
Fighting       | 3 |  3.2
Dodging        | 3 |  3.1
Unarmed Combat | |  3.8

Action                   |  1- 3 |  4- 6 || total
-------------------------+-------+-------++-------
Melee: Unarmed           |    89 |    16 ||   105
       Punch             |     2 |       ||     2
Invok: Berserk           |       |     1 ||     1
       Trog's Hand       |       |     1 ||     1
  Eat: Chunk             |    13 |       ||    13
Armor: Animal skin       |    25 |    11 ||    36
Dodge: Dodged            |    43 |    11 ||    54

Table legend:
 A = Spawn XP
 B = Non-spawn XP
 C = Spawn XP percentage of total XP
 D = Spawn monster count
 E = Non-spawn monster count
 F = Spawn count percentage of total count
 G = Total turns spent on level
                    A         B        C        D         E        F      G
               +---------+---------+-------+---------+---------+-------+---------
         Total |       0 |     122 |   0.0 |       0 |      40 |   0.0 |   863
               +---------+---------+-------+---------+---------+-------+---------
           D:1 |       0 |      34 |   0.0 |       0 |      15 |   0.0 |   621
           D:2 |       0 |      88 |   0.0 |       0 |      25 |   0.0 |   242
               +---------+---------+-------+---------+---------+-------+---------
